 Dungeon Crawl Stone Soup version 0.28.0-47-ge53b351184 (webtiles) character file.

Game seed: 10598175231971150280

83 101zpm the Magician (level 4, -5/31 HPs)
             Began as a Djinni Fire Elementalist on Apr 29, 2022.
             Slain by an iguana (8 damage)
             ... on level 4 of the Dungeon.
             The game lasted 00:03:42 (1996 turns).

101zpm the Magician (Djinni Fire Elementalist)      Turns: 1996, Time: 00:03:44

Health: -5/31      AC:  7    Str:  7    XL:     4   Next: 71%
Gold:   29         EV: 11    Int: 23    God:
                   SH:  0    Dex: 13

rFire   + + .      SeeInvis .   (no weapon)
rCold   x . .      Faith    .   (no shield)
rNeg    . . .      Spirit   .   g - +4 leather armour "Negoesij" {Will++ Int+4}
rPois   ∞          Reflect  .   (no helmet)
rElec   .          Harm     .   (no cloak)
rCorr   .          Rampage  .   (no gloves)
Will    ++...                   (boots unavailable)
Stlth   ++........              (no amulet)
HPRegen 0.10/turn               (no ring)
MPRegen 0.00/turn               (no ring)

@: flying
A: sickness immunity, fire resistance 2, cold vulnerability 1, float, innate
caster, HP casting, extra vitality 1
a: no special abilities


You were on level 4 of the Dungeon.
You visited 1 branch of the dungeon, and saw 3 of its levels.

You collected 29 gold pieces.

Inventory:

Missiles
 i - a throwing net
Armour
 a - a +0 robe
 g - the +4 leather armour "Negoesij" (worn) {Will++ Int+4}
   (You found it on level 1 of the Dungeon)

   Int:       It affects your intelligence (+4).
   Will:      It greatly increases your willpower.
Scrolls
 b - 2 scrolls of enchant armour {unknown}
 c - a scroll of silence {unknown}
 d - 3 scrolls of identify {unknown}
 f - a scroll of brand weapon {unknown}
Potions
 e - 2 potions of curing {unknown}
 h - a potion of might {unknown}
 j - a potion of haste {unknown}
 k - a potion of mutation {unknown}


   Skills:
 + Level 0.3 Armour
 + Level 2.6 Dodging
 + Level 1.8 Stealth
 + Level 3.7 Spellcasting


You couldn't memorise any spells.
You knew the following spells:

 Your Spells              Type           Power      Damage    Failure   Level
a - Foxfire               Conj/Fire      84%        2x1d8     3%          1
b - Scorch                Fire           42%        2d7       5%          2
c - Conjure Flame         Conj/Fire      21%        6-21      11%         3
d - Inner Flame           Hex/Fire       21%        N/A       11%         3
e - Flame Wave            Conj/Fire      21%        2d7       34%         4
f - Animate Skeleton      Necr           42%        N/A       3%          1
Your spell library was empty.

Dungeon Overview and Level Annotations

Branches:
Dungeon (2/15)

Altars:


Innate Abilities, Weirdness & Mutations

You are immune to sickness and miasma.
You are immune to poison.
Your flesh is very heat resistant. (rF++)
You are vulnerable to cold. (rC-)
You float through the air rather than walking.
You learn spells naturally, not from books.
Your magical power is your life essence.
You have superior vitality. (+4 MHP)


Message History

The foxfire hits the iguana but does no damage.
The iguana is severely wounded.
The water moccasin skeleton bites you.
The water moccasin skeleton bites you but does no damage.
You conjure some foxfire!
The foxfire hits the worm.
The worm is moderately wounded.
The foxfire hits the water moccasin skeleton.
The water moccasin skeleton is severely damaged.
The iguana bites you.
A dart slug comes into view.
The water moccasin skeleton misses you.
Casting: Foxfire (safe; 3% risk of failure)
Confirm with . or Enter, or press ? or * to list all spells.
Flames lash the worm.
The worm is heavily wounded.
The worm's fire resistance burns away.
The foxfire hits the iguana but does no damage.
The iguana is severely wounded.
The iguana closely misses you. The water moccasin skeleton bites you.
* * * LOW HITPOINT WARNING * * *
The dart slug launches a dart at you. The slug dart hits you.
* * * LOW HITPOINT WARNING * * *
The iguana misses you.
The iguana bites you but does no damage.
The iguana hisses menacingly.
Casting: Scorch (safe; 5% risk of failure)
Confirm with . or Enter, or press ? or * to list all spells.
Flames lash the water moccasin skeleton.
The water moccasin skeleton is almost destroyed.
The water moccasin skeleton's fire resistance burns away.
* * * LOW HITPOINT WARNING * * *
Casting: Scorch (safe; 5% risk of failure)
Confirm with . or Enter, or press ? or * to list all spells.
Flames lash the water moccasin skeleton.
The water moccasin skeleton is burned terribly!
You destroy the water moccasin skeleton!
* * * LOW HITPOINT WARNING * * *
The iguana bites you!
You die...

.. .. ##.###..
... ....#..#....
...#..#....
...#[.....w
######..........
#......##)..)...
#......#...#
#...@##.)..##
###.#lw.....#
###........#
#..........
#.....###.##
.......# ..#
#......... .#
#..........
...........


You could see a worm and an iguana.

Vanquished Creatures
  A water moccasin skeleton (D:4)
  3 gnolls (D:2)
  An adder (D:2)
  4 dart slugs
  An orc (D:2)
  2 ball pythons
  5 endoplasms
  A giant cockroach (D:1)
  3 goblins
  3 jackals (D:1)
  2 kobolds
  A quokka (D:1)
  3 bats
  A frilled lizard (D:1)
  6 rats
37 creatures vanquished.

Vanquished Creatures (collateral kills)
  8 foxfires (D:2)
8 creatures vanquished.

Vanquished Creatures (others)
  144 foxfires
  3 plants (D:2)
147 creatures vanquished.

Grand Total: 192 creatures vanquished

Notes
Turn   | Place    | Note
-------+----------+-------------------------------------------
     0 | D:1      | 101zpm the Djinni Fire Elementalist began the quest for the
                  | Orb.
     0 | D:1      | Reached XP level 1. HP: 15/15 MP: 0/0
   131 | D:1      | Reached XP level 2. HP: 20/21 MP: 0/0
   312 | D:1      | Found a faded altar of an unknown god.
   341 | D:1      | Identified the +4 leather armour "Negoesij" {Will++ Int+4}
   463 | D:1      | Reached skill level 3 in Spellcasting
   523 | D:1      | Reached XP level 3. HP: 23/25 MP: 0/0
   523 | D:1      | Learned a level 1 spell: Animate Skeleton
  1061 | D:2      | Reached XP level 4. HP: 21/31 MP: 0/0
  1977 | D:2      | You are sucked into a shaft and drop 2 floors!
  1996 | D:4      | Slain by an iguana

Illustrated notes

Levels and vault maps discovered:
D:1:      mrwooster_arrival_statue_3, layout_rooms,
          hellmonk_ecumenical_altar_lost_god
D:2:      layout_loops_ring, serial_forest, infiniplex_forest_lined_4_way,
          infiniplex_forest_lined_2, infiniplex_forest_split,
          infiniplex_forest_clump_small, infiniplex_forest_zigzag_1,
          infiniplex_forest_clump_double
D:4:      layout_cave_pools, temple_statues, serial_shops, shop,
          nrook_mini_backslash, corexii_shack, grunt_decor_cap, uniq_natasha,
          uniq_pikel, uniq_grinder

Skill      XL: |  1  2 |
---------------+-------+-----
Spellcasting   | 3 |  3.7
Armour         | |  0.3
Dodging        | |  2.6
Stealth        | |  1.8

Action                   |  1- 3 |  4- 6 || total
-------------------------+-------+-------++-------
 Cast: Foxfire           |    52 |    42 ||    94
       Scorch            |     4 |     5 ||     9
Armor: Leather armour    |     5 |     4 ||     9
       Robe              |     1 |       ||     1
Dodge: Dodged            |    11 |     8 ||    19
